 Dungeon Crawl Stone Soup version 0.28-a0-821-g923ab73998 (webtiles) character file.

Game seed: 3274744851990889295

143038 MirrMurr the Unseen (level 16, 0/83 HPs)
             Began as a Spriggan Enchanter on Nov 9, 2021.
             Was the Champion of Okawaru.
             Slain by an orc warlord (29 damage)
             ... on level 10 of the Dungeon.
             The game lasted 01:22:03 (32253 turns).

MirrMurr the Unseen (Spriggan Enchanter)           Turns: 32253, Time: 01:22:04

Health: 0/83       AC: 10    Str:  9    XL:     16   Next: 81%
Magic:  28/31      EV: 32    Int: 20    God:    Okawaru [******]
Gold:   2619       SH:  8    Dex: 20    Spells: 18/35 levels left

rFire   + + .      SeeInvis +   a - +9 rapier of Popular Demand {freeze, rF+ rCorr Dex+3}
rCold   + . .      Faith    .   R - +0 buckler {reflect}
rNeg    . . .      Spirit   .   M - +0 robe {rC+ rF+}
rPois   +          Reflect  +   J - +5 hat of Catatonia {Drain +Blink Regen+ Stlth+}
rElec   .          Harm     .   q - +2 cloak
rCorr   +          Rampage  .   (gloves unavailable)
Will    +++..                   (boots unavailable)
Stlth   ++++++++..              f - amulet of Kipelid {Acrobat Int+3}
HPRegen 1.23/turn               F - ring of poison resistance
MPRegen 0.22/turn               n - ring of willpower

@: very quick
A: very small, no large weapons, unfitting armour, see invisible, speed 3
a: Renounce Religion, Evoke Blink, Heroism, Finesse, Duel


You were on level 10 of the Dungeon.
You worshipped Okawaru.
Okawaru was exalted by your worship.
You visited 4 branches of the dungeon, and saw 24 of its levels.
You also visited: Bailey.

You collected 2619 gold pieces.

Inventory:

Hand Weapons
 a - the +9 rapier of Popular Demand (weapon) {freeze, rF+ rCorr Dex+3}
   (You found it on level 5 of the Lair of Beasts)

   It freezes those it strikes, dealing additional cold damage.
   It can also slow down cold-blooded creatures.
   Dex:       It affects your dexterity (+3).
   rF:        It protects you from fire.
   rCorr:     It protects you from acid and corrosion.
 b - the +6 demon blade "Caer" {vamp, rN+ rCorr}
   (Okawaru gifted it to you on level 4 of the Lair of Beasts)

   It occasionally heals its wielder for a portion of the damage dealt when it
   wounds a living foe.
   rN:        It protects you from negative energy.
   rCorr:     It protects you from acid and corrosion.
 t - a +0 rapier
 w - a +1 dagger of venom
 P - a +2 rapier of draining
 U - a +3 dagger
Missiles
 d - 7 boomerangs of dispersal
 e - 6 datura-tipped darts
 k - 507 stones (quivered)
 z - 52 poisoned darts
 C - 6 atropa-tipped darts
 E - 9 boomerangs
 G - 4 curare-tipped darts
Armour
 q - a +2 cloak (worn)
 J - the +5 hat of Catatonia (worn) {Drain +Blink Regen+ Stlth+}
   (Okawaru gifted it to you on level 9 of the Dungeon)

   +Blink:    It lets you blink.
   Regen:     It increases your rate of health regeneration.
   Drain:     It drains your maximum health when unequipped.
   Stlth:     It makes you more stealthy.
 M - a +0 robe of resistance (worn)
 R - a +0 buckler of reflection (worn)
 V - +0 steam dragon scales
Jewellery
 f - the amulet of Kipelid (around neck) {Acrobat Int+3}
   (You found it on level 15 of the Dungeon)

   [amulet of the acrobat]

   It increases your evasion while moving and waiting.
   Int:       It affects your intelligence (+3).
 n - a ring of willpower (right hand)
 y - a ring of protection from cold
 F - a ring of poison resistance (left hand)
 H - a ring of positive energy
 K - a +4 ring of protection
Wands
 B - a wand of iceblast (18)
 D - a wand of flame (63)
 T - a wand of acid (8)
 Y - a wand of digging (10)
Scrolls
 g - 10 scrolls of magic mapping
 h - 4 scrolls of fog
 i - 4 scrolls of identify
 l - 6 scrolls of teleportation
 o - a scroll of blinking
 N - 2 scrolls of fear
 O - 2 scrolls of vulnerability
 S - a scroll of enchant armour
 X - 3 scrolls of enchant weapon
Potions
 c - 3 potions of heal wounds
 j - 6 potions of lignification
 m - 3 potions of cancellation
 p - 4 potions of curing
 r - 5 potions of flight
 s - 2 potions of magic
 v - 2 potions of ambrosia
 x - 3 potions of berserk rage
 A - 3 potions of might
 I - 4 potions of mutation
 L - 2 potions of haste
 Q - 2 potions of brilliance
Miscellaneous
 u - a lightning rod (4/4)
 Z - a condenser vane


   Skills:
 + Level 8.8 Fighting
 - Level 10.0(11.8) Short Blades
 * Level 7.9(9.3) Long Blades
 - Level 5.5 Throwing
 + Level 17.2 Dodging
 + Level 18.0 Stealth
 - Level 7.2 Shields
 - Level 10.0 Spellcasting
 - Level 10.0 Hexes
 - Level 9.0 Invocations


You had 18 spell levels left.
You knew the following spells:

 Your Spells              Type           Power      Damage    Failure   Level
a - Ensorcelled Hibernat  Hex/Ice        60%        N/A       1%          2
b - Confusing Touch       Hex            50%        N/A       1%          3
c - Irradiate             Conj/Tmut      5%         3d15      88%         5
d - Dazzling Flash        Conj/Hex       60%        N/A       2%          3
B - Blink                 Tloc           20%        N/A       11%         2
P - Passwall              Tmut/Erth      8%         N/A       11%         2

Your spell library contained the following spells:

 Spells                   Type           Power      Damage    Failure   Level
 Magic Dart               Conj           40%        1d5       7%          1
 Sandblast                Erth           20%        2d7       7%          1
 Sting                    Tmut/Pois      40%        1d5       7%          1
 Corpse Rot               Necr/Air       20%        N/A       11%         2
 Poisonous Vapours        Pois/Air       20%        N/A       11%         2
 Gell's Gravitas          Tloc           10%        N/A       21%         3
 Ignite Poison            Fire/Tmut/Pois 10%        N/A       21%         3
 Mephitic Cloud           Conj/Pois/Air  10%        N/A       21%         3
 Ozocubu's Armour         Ice            10%        N/A       21%         3
 Stone Arrow              Conj/Erth      20%        3d8       21%         3
 Teleport Other           Tloc           10%        N/A       21%         3
 Metabolic Englaciation   Hex/Ice        15%        N/A       24%         5
 Dispel Undead            Necr           10%        3d9       56%         4
 Blade Hands              Tmut           5%         N/A       88%         5
 Borgnjor's Vile Clutch   Necr/Erth      5%         N/A       88%         5
 Manifold Assault         Tloc           10%        N/A       88%         5
 Dispersal                Tloc           5%         N/A       100%        6
 Dragon Form              Tmut           5%         N/A       100%        7
 Storm Form               Tmut/Air       5%         N/A       100%        7
 Tukima's Dance           Hex            Unusable   N/A       N/A         3
 Call Imp                 Summ           Unusable   N/A       N/A         2
 Animate Dead             Necr           Unusable   N/A       N/A         4
 Death Channel            Necr           Unusable   N/A       N/A         6
 Simulacrum               Ice/Necr       Unusable   N/A       N/A         6

Dungeon Overview and Level Annotations

Branches:
Dungeon (15/15)            Temple (1/1) D:5            Lair (6/6) D:9
  Swamp (0/4) Lair:2        Snake (0/4) Lair:4        Slime (0/5) Lair:5
    Orc (2/2) D:10         Vaults (0/5) D:14         Depths (0/4) D:15
 Bailey (visited)
    Elf: Orc:2

Altars:
Ashenzari
Cheibriados
Dithmenos
Elyvilon
Fedhas
Gozag
Hepliaklqana
Kikubaaqudgha
Makhleb
Nemelex Xobeh
Okawaru
Qazlal
Ru
Sif Muna
Trog
Uskayaw
Vehumet
Wu Jian
Xom
Yredelemnul
Zin
The Shining One
Jiyva

Shops:
D:10 *   Orc:1 *

Portals:
Trove: D:15 (show slimy rune of Zot)


Innate Abilities, Weirdness & Mutations

You are very small and have problems with some larger weapons.
You are too small for most types of armour.
You have supernaturally acute eyesight. (SInv)
You cover ground extremely quickly. (Speed+++)


Message History

The orc no longer looks unusually strong.
The orc warlord roars a battlecry!
The orc no longer looks unusually strong.
There is a staircase back to the Dungeon here.
You climb upwards.
Welcome back to the Dungeon!
There is a staircase to the Orcish Mines here.
You start resting.
You feel like a meek peon again.
You start resting.
HP restored.
You climb downwards.
Welcome back to the Orcish Mines!
The orc closely misses you.
The orc warlord roars a battlecry!
The orcs go into a battle-frenzy!
There is a staircase back to the Dungeon here.
The orc closely misses you. The orc warlord completely misses you.
You climb upwards.
Welcome back to the Dungeon!
There is a staircase to the Orcish Mines here.
Casting: Confusing Touch (safe; 1% risk of failure)
Confirm with . or Enter, or press ? or * to list all spells.
Your hands begin to glow red.
The orc hits you with a +0 whip.
The orc warlord hits you but does no damage.
You hit the orc warlord but do no damage.
The orc warlord is lightly wounded.
You block the orc's attack.
You completely miss the orc warlord.
The orc warlord is lightly wounded.
The orc warlord hits you with a +2 great mace of protection!!
You block the orc's attack.
You hit the orc warlord but do no damage.
The orc warlord is lightly wounded.
The orc warlord hits you with a +2 great mace of protection!!
You hit the orc warlord but do no damage.
The orc warlord appears confused.
The orc warlord is lightly wounded.
You block the orc's attack.
You hit the orc warlord but do no damage.
The orc warlord is lightly wounded.
The orc warlord hits you with a +2 great mace of protection!!
You die...

#......# #......#
#########....## #
##...##.##....## #
#....#.......[.# #
#....#.........# #
#)...'.........#
#############'#######..##
#........##...#o@..#####
..............'o....#
.<............#.....#
).............#.....#
#######.......#.....#
.....##.......##....#
.....##.......############
..............##...##....##
...............#..........#


You could see an orc warlord (confused) and an orc (strong).

Vanquished Creatures
  Rupert (D:14)
  Gastronok (D:11)
  A sphinx (D:14)
  Nessos (D:14)
  The ghost of Sunluic the Spear-Bearer, a journeyman DgFi (D:15)
  The ghost of Agihue the Spear-Bearer, a journeyman DgFi (Lair:2)
  2 fire dragons (Lair:6)
  10 hydras
  A rakshasa (D:15)
  3 ogre magi
  5 boulder beetles
  6 centaur warriors
  3 catoblepae
  12 two-headed ogres
  14 death yaks
  A deep troll earth mage (D:14)
  Urug (D:11)
  4 tengu warriors
  A fire crab (shapeshifter) (D:14)
  A swamp dragon (Lair:6)
  A glowing orange brain (D:15)
  6 lindwurms
  Pikel (D:9)
  A deep elf pyromancer (D:12)
  An orc knight (D:14)
  An oklob plant (Lair:2)
  9 ugly things
  A manticore (D:14)
  6 cyclopes
  3 elephants
  4 black mambas
  An ice statue (Lair:2)
  7 torpor snails
  12 cane toads
  An unseen horror (shapeshifter) (D:14)
  A demonic crawler (Lair:1)
  4 rime drakes
  A freezing wraith (D:15)
  16 komodo dragons
  Psyche (D:9)
  3 yaktaurs
  A yaktaur (shapeshifter) (D:15)
  A tengu conjurer (D:10)
  4 trolls
  2 polar bears (Lair:3)
  16 slime creatures
  4 tyrant leeches (Lair:6)
  7 hornets (Lair:6)
  A slime creature (shapeshifter) (D:14)
  5 blink frogs
  9 dream sheep
  3 wraiths
  63 yaks
  3 vampires
  A shadow (D:13)
  A yak (shapeshifter) (D:14)
  2 wyverns
  3 basilisks
  16 humans (D:14)
  22 vampire mosquitoes
  3 steam dragons
  Edmund (D:5)
  21 water moccasins
  4 swamp worms
  3 acid dragons
  4 black bears
  14 orc warriors
  A swamp drake (Lair:6)
  An ice beast (D:8)
  13 ogres
  3 necrophages
  18 wolves
  18 centaurs
  10 bullfrogs
  2 kobold brigands
  A scorpion (D:6)
  A wyvern zombie (D:5)
  A wyvern skeleton (D:6)
  7 killer bees (D:8)
  10 wights
  A vampire bat (Lair:6)
  2 howler monkeys
  An electric eel (Lair:5)
  3 centaur zombies
  3 hounds
  3 orc priests
  2 bullfrog skeletons (D:5)
  2 centaur skeletons
  10 iguanas
  15 orc wizards
  5 hell rats (Lair:3)
  A hound skeleton (D:4)
  2 howler monkey zombies
  7 adders
  An ufetubus (D:6)
  An adder skeleton (D:4)
  3 dart slugs
  45 orcs
  6 ball pythons
  18 bats
  11 endoplasms
  5 giant cockroaches
  14 goblins
  9 hobgoblins
  3 jackals (D:3)
  4 quokkas
  6 frilled lizards
  18 kobolds
  6 rats
  A spectral goblin (D:3)
659 creatures vanquished.

Vanquished Creatures (others)
  An orc (Bailey)
  53 fungi
  94 plants
148 creatures vanquished.

Grand Total: 807 creatures vanquished

Notes
Turn   | Place    | Note
-------+----------+-------------------------------------------
     0 | D:1      | MirrMurr the Spriggan Enchanter began the quest for the
                  | Orb.
     0 | D:1      | Reached XP level 1. HP: 9/9 MP: 5/5
   373 | D:1      | Reached XP level 2. HP: 13/13 MP: 6/6
   378 | D:1      | Learned a level 2 spell: Ensorcelled Hibernation
   399 | D:1      | Reached skill level 5 in Stealth
   995 | D:1      | Reached XP level 3. HP: 16/16 MP: 8/8
   999 | D:1      | Learned a level 3 spell: Confusing Touch
  1291 | D:3      | Reached skill level 6 in Stealth
  1906 | D:2      | Reached XP level 4. HP: 21/21 MP: 9/9
  3009 | D:3      | Found a faded altar of an unknown god.
  3212 | D:3      | Reached skill level 7 in Stealth
  3212 | D:3      | Reached XP level 5. HP: 22/24 MP: 5/10
  3263 | D:3      | Learned a level 3 spell: Tukima's Dance
  4050 | D:4      | Noticed a necrophage
  4071 | D:4      | Killed a necrophage
  4072 | D:4      | Reached skill level 8 in Stealth
  4082 | D:4      | Reached XP level 6. HP: 27/28 MP: 6/11
  4303 | D:4      | Reached skill level 5 in Short Blades
  4980 | D:5      | Entered Level 5 of the Dungeon
  5130 | D:5      | Found a staircase to the Ecumenical Temple.
  5136 | D:5      | Noticed Edmund
  5140 | Temple   | Entered the Ecumenical Temple
  5242 | Temple   | Became a worshipper of Warmaster Okawaru
  5280 | D:5      | Reached skill level 5 in Hexes
  5297 | D:5      | Killed Edmund
  5298 | D:5      | Reached XP level 7. HP: 28/32 MP: 3/14
  5393 | D:5      | Reached * piety under Okawaru
  5681 | D:5      | Found a shadowy altar of Dithmenos.
  6089 | D:6      | Reached skill level 1 in Fighting
  6089 | D:6      | Reached XP level 8. HP: 37/37 MP: 10/15
  6561 | D:6      | Reached ** piety under Okawaru
  6562 | D:6      | Reached skill level 5 in Dodging
  6870 | D:6      | Found an ancient bone altar of Kikubaaqudgha.
  7905 | D:7      | Reached XP level 9. HP: 18/44 MP: 12/16
  7909 | D:7      | Learned a level 3 spell: Dazzling Flash
  8615 | D:8      | Reached *** piety under Okawaru
  8623 | D:8      | Reached skill level 1 in Shields
  8766 | D:8      | Noticed a two-headed ogre
  8771 | D:8      | Killed a two-headed ogre
  8772 | D:8      | Reached skill level 9 in Stealth
  8822 | D:8      | Found a sparkling altar of Nemelex Xobeh.
  8889 | D:8      | Reached skill level 10 in Stealth
  8912 | D:8      | Noticed a two-headed ogre
  9017 | D:8      | Reached **** piety under Okawaru
  9278 | D:8      | Killed a two-headed ogre
  9279 | D:8      | Reached skill level 11 in Stealth
  9335 | D:8      | Reached XP level 10. HP: 44/49 MP: 14/17
  9485 | D:8      | Reached skill level 10 in Dodging
  9874 | D:8      | Reached ***** piety under Okawaru
 10156 | D:9      | Noticed a two-headed ogre
 10159 | D:9      | Noticed Psyche
 10167 | D:9      | Found a staircase to the Lair.
 10217 | D:9      | Found a snail-covered altar of Cheibriados.
 10219 | D:9      | Identified a scroll of acquirement
 10219 | D:9      | Acquired 668 gold pieces
 10466 | D:9      | You fall into a shaft and drop 2 floors!
 10474 | D:10     | Entered Level 10 of the Dungeon
 10494 | D:10     | Noticed a two-headed ogre
 10495 | D:10     | Found an ornate altar of the Wu Jian Council.
 10515 | D:10     | Reached skill level 12 in Stealth
 10521 | D:10     | Killed a two-headed ogre
 10530 | D:9      | Noticed a two-headed ogre
 10605 | D:9      | Killed a two-headed ogre
 10605 | D:9      | Received a gift from Okawaru
 10674 | D:9      | Noticed a two-headed ogre
 10677 | D:9      | Killed a two-headed ogre
 10956 | D:9      | Noticed Pikel
 10975 | D:9      | Killed Pikel
 10975 | D:9      | Identified the +5 hat of Catatonia {Drain +Blink Regen+
                  | Stlth+} (Okawaru gifted it to you on level 9 of the
                  | Dungeon)
 10975 | D:9      | Received a gift from Okawaru
 10976 | D:9      | Reached XP level 11. HP: 51/53 MP: 13/18
 11140 | D:9      | Found a glowing silver altar of Zin.
 11158 | D:9      | Killed a two-headed ogre
 11159 | D:9      | Reached skill level 5 in Shields
 11202 | D:9      | Killed Psyche
 11523 | D:10     | Found a bloodstained altar of Trog.
 11832 | D:10     | Found an ancient bone altar of Kikubaaqudgha.
 11832 | D:10     | Found a shadowy altar of Dithmenos.
 11833 | D:10     | Found an iron altar of Okawaru.
 11833 | D:10     | Found a hide-covered altar of Uskayaw.
 11836 | D:10     | Noticed a cyan ugly thing
 11845 | D:10     | Killed a cyan ugly thing
 11871 | D:10     | Noticed a catoblepas
 11906 | D:10     | Noticed a centaur warrior
 11980 | D:10     | Found Faelij's Overcharged Wands.
 12042 | D:10     | Killed a centaur warrior
 12043 | D:10     | Reached skill level 1 in Invocations
 12096 | D:10     | Noticed a boulder beetle
 12102 | D:10     | Noticed a cyan ugly thing
 12104 | D:10     | Killed a boulder beetle
 12129 | D:10     | Killed a cyan ugly thing
 12272 | D:10     | Noticed a centaur warrior
 12282 | D:10     | Killed a centaur warrior
 12283 | D:10     | Reached skill level 5 in Spellcasting
 12351 | D:10     | Received a gift from Okawaru
 12424 | D:10     | Killed a catoblepas
 12424 | D:10     | Reached ****** piety under Okawaru
 12485 | D:10     | Found a staircase to the Orcish Mines.
 12600 | D:10     | Noticed a tengu warrior
 12634 | D:10     | Killed a tengu warrior
 12635 | D:10     | Reached skill level 13 in Stealth
 13078 | D:11     | Noticed Gastronok
 13085 | D:11     | Killed Gastronok
 13085 | D:11     | Received a gift from Okawaru
 13086 | D:11     | Reached skill level 5 in Fighting
 13086 | D:11     | Reached XP level 12. HP: 60/60 MP: 21/21
 13224 | D:11     | Noticed Urug
 13231 | D:11     | Killed Urug
 13607 | Lair:1   | Entered Level 1 of the Lair of Beasts
 13678 | Lair:1   | Noticed a six-headed hydra
 13685 | Lair:1   | Killed a six-headed hydra
 14785 | Lair:1   | Reached skill level 14 in Stealth
 15030 | Lair:2   | Reached skill level 10 in Hexes
 15065 | Lair:2   | Noticed an eight-headed hydra
 15068 | Lair:2   | Noticed a four-headed hydra
 15099 | Lair:2   | Killed an eight-headed hydra
 15099 | Lair:2   | Received a gift from Okawaru
 15102 | Lair:2   | Killed a four-headed hydra
 15103 | Lair:2   | Reached skill level 10 in Short Blades
 15313 | Lair:2   | Learned a level 5 spell: Irradiate
 15400 | Lair:2   | Found a transporter.
 15403 | Lair:2   | Noticed a catoblepas
 15403 | Lair:2   | Noticed an eight-headed hydra
 15405 | Lair:2   | Noticed a catoblepas
 15405 | Lair:2   | Noticed Agihue's ghost (journeyman DgFi)
 15408 | Lair:2   | Learned a level 2 spell: Blink
 15551 | Lair:2   | Found a transporter.
 15801 | Lair:2   | Found a staircase to the Swamp.
 16024 | Lair:3   | Noticed a six-headed hydra
 16030 | Lair:3   | Killed a six-headed hydra
 16154 | Lair:3   | Reached XP level 13. HP: 65/65 MP: 16/23
 16602 | Lair:3   | Reached skill level 15 in Stealth
 17859 | Lair:3   | Reached skill level 15 in Dodging
 17859 | Lair:3   | Reached skill level 5 in Invocations
 18733 | Lair:4   | Identified the +6 demon blade "Caer" {vamp, rN+ rCorr}
                  | (Okawaru gifted it to you on level 4 of the Lair of Beasts)
 18733 | Lair:4   | Received a gift from Okawaru
 19047 | Lair:4   | You fall into a shaft and drop 2 floors!
 19047 | Lair:6   | Entered Level 6 of the Lair of Beasts
 19290 | Lair:4   | Found a staircase to the Snake Pit.
 19433 | Lair:4   | Reached skill level 1 in Long Blades
 19496 | Lair:4   | Learned a level 2 spell: Passwall
 20466 | Lair:5   | Received a gift from Okawaru
 21095 | Lair:5   | Identified the +9 rapier of Popular Demand {freeze, rF+
                  | rCorr Dex+3}
 21266 | Lair:5   | Reached XP level 14. HP: 50/70 MP: 21/25
 21718 | Lair:5   | Found a staircase to the Slime Pits.
 21718 | Lair:5   | Found a viscous altar of Jiyva.
 22210 | Lair:5   | Reached skill level 16 in Stealth
 22841 | Lair:6   | Identified the +1 cloak of Waylus {rC- rN+++ Will- Str+5}
                  | (Okawaru gifted it to you on level 6 of the Lair of Beasts)
 22841 | Lair:6   | Received a gift from Okawaru
 23062 | Lair:6   | Found a runed translucent door.
 23889 | D:12     | Reached skill level 5 in Long Blades
 24945 | D:13     | Received a gift from Okawaru
 25259 | D:13     | Reached XP level 15. HP: 77/77 MP: 28/28
 25413 | D:14     | Noticed Rupert
 25413 | D:14     | Noticed Nessos
 25413 | D:14     | Found a gate to the Vaults.
 25523 | D:14     | Found a flagged portal.
 25558 | Bailey   | Entered a bailey
 25877 | Bailey   | Reached skill level 17 in Stealth
 26189 | Bailey   | Reached skill level 5 in Throwing
 26189 | Bailey   | Reached XP level 16. HP: 81/81 MP: 30/30
 26191 | Bailey   | Got the Reference Book on Envenoming and the Compass
 26315 | D:14     | Killed Nessos
 27114 | D:14     | Noticed a sphinx
 27171 | D:14     | Killed a sphinx
 27234 | D:14     | Identified the +0 great sword of the Other Side {freeze,
                  | Str+5 Int+6 Dex-5}
 27469 | D:14     | Killed Rupert
 28204 | D:15     | Entered Level 15 of the Dungeon
 28596 | D:15     | Found a large runed translucent door.
 28596 | D:15     | Found a large runed translucent door.
 28597 | D:15     | Noticed Sunluic's ghost (journeyman DgFi)
 29099 | D:15     | Found a portal to a secret trove of treasure.
 29398 | D:15     | Identified the +6 fustibalus of the Apocalypse {flame,
                  | +Blink rC+ MP+9} (Okawaru gifted it to you on level 15 of
                  | the Dungeon)
 29398 | D:15     | Received a gift from Okawaru
 29818 | D:15     | Found a staircase to the Depths.
 30011 | D:15     | Found a staircase to the Depths.
 30041 | D:15     | Found a portal to a secret trove of treasure.
 31158 | D:15     | Killed Sunluic's ghost
 31159 | D:15     | Reached skill level 10 in Spellcasting
 31166 | D:15     | Identified the amulet of Kipelid {Acrobat Int+3}
 31383 | Lair:2   | Identified the +8 morningstar of Integrity {drain, rElec
                  | Int+2}
 31402 | Lair:2   | Identified the +7 arbalest "Cocvepnu" {vorpal, *Slow Dex+7}
 31565 | Lair:2   | Killed Agihue's ghost
 31804 | Lair:2   | Reached skill level 18 in Stealth
 31975 | Orc:1    | Entered Level 1 of the Orcish Mines
 32034 | Orc:1    | Found Qiexun's Assorted Antiques.
 32092 | Orc:2    | Entered Level 2 of the Orcish Mines
 32253 | D:10     | Slain by an orc warlord

Illustrated notes

Levels and vault maps discovered:
D:1:      kilobyte_arrival_exit_the_forest, layout_loops_ring
D:2:      layout_loops_ring
D:3:      layout_basic, dreamdust_ecumenical_altar_drowned_temple
D:4:      layout_loops_ring
D:5:      layout_rooms, mainiacjoe_overflow_alcove_1,
          minmay_temple_entry_sparse_star, uniq_edmund
D:6:      minmay_flawed_box, layout_rooms, kiku_gazebo_garden_becter,
          serial_aquarium, aquarium_bridge_square [aquarium_subvault_wall,
          aquarium_subvault_wall, aquarium_subvault_wall,
          aquarium_subvault_bridge], aquarium_bridge_island_small
          [aquarium_subvault_small_water, aquarium_subvault_window,
          aquarium_subvault_bridge, aquarium_subvault_bridge,
          aquarium_subvault_balcony], aquarium_window_fake,
          aquarium_window_corridor_1, aquarium_window_fake, aquarium_view_2c,
          aquarium_balcony_5a
D:7:      layout_basic
D:8:      minmay_clustersquares, layout_cave_pools,
          nemelex_diamond_rough_becter, wad_floor_pattern_untrapped
D:9:      layout_irregular_city, mainiacjoe_overflow_catwalk,
          mainiacjoe_overflow_paths, lair_entry_dummy, st_stairs_8,
          minivault_26, uniq_pikel, uniq_psyche
D:10:     minmay_the_grid_octo_triangle [minmay_the_grid_octo_pinwheel,
          minmay_the_grid_octo_prize_single_spiral,
          minmay_the_grid_octo_shrine], layout_gridville,
          mainiacjoe_overflow_surrounded_room, nicolae_overflow_hidden_temple,
          orc_0_dummy, nicolae_shop_overcharged_wands
D:11:     layout_basic, nicolae_sextant, nicolae_benzene_ring, uniq_gastronok,
          uniq_urug
D:12:     nooodl_glass_maze, layout_basic
D:13:     layout_basic
D:14:     layout_rooms, david_vaults_3, grunt_decor_resistance, enter_bailey_5,
          chequers_serial_rivers_large_b, wad_scary_box
D:15:     gammafunk_enter_depths_forms, layout_layer_cave,
          ebering_ghost_disaster_area, nicolae_trove_entry_diagonal,
          minivault_26
Temple:   eino_wide_crystal_templ
Lair:1:   layout_roguey, worms_lemuel
Lair:2:   layout_regular_city, palyth_hydra_swamp_entry, nzn_ghost_randoct,
          serial_bayou_pond_a, minmay_lindwurm_lava
Lair:3:   layout_loops_ring
Lair:4:   layout_loops_ring, minmay_snake_entry_six_corridors,
          chequers_serial_rivers_marsh, chequers_serial_rivers_room_b,
          minivault_25, uniq_nessos
Lair:5:   layout_regular_city, slime_altar_1, serial_bayou_lagoon_b
Lair:6:   guppyfry_lair_end_dragon, layout_loops_ring, wormcave,
          grunt_forest_stairs_basic, roderic_batcave
Orc:1:    layout_diamond_mine, serial_shops, nicolae_shop_behind_doors,
          uniq_erica
Orc:2:    st_orc_rangers, layout_caves

Skill      XL: |  1  2  3  4  5  6  7  8  9 10 11 12 13 14 15 16 |
---------------+-------------------------------------------------+-----
Stealth        | 5 6 7 8 11 12 13 14 15 16 17 18 | 18.0
Short Blades   | 2 3 4 5 6 8 9 10 | 10.0
Spellcasting   | 4 5 6 7 8 9 10 | 10.0
Hexes          | 6 8 9 10 | 10.0
Dodging        | 3 7 9 12 14 15 16 17 | 17.2
Fighting       | 1 4 5 6 7 8 |  8.8
Shields        | 2 4 5 6 7 |  7.2
Invocations    | 2 3 6 7 8 9 |  9.0
Long Blades    | 2 5 7 |  7.9
Throwing       | 5 |  5.5

Action                   |  1- 3 |  4- 6 |  7- 9 | 10-12 | 13-15 | 16-18 || total
-------------------------+-------+-------+-------+-------+-------+-------++-------
Melee: Dagger            |   111 |   173 |   217 |   425 |   475 |       ||  1401
       Rapier            |       |       |       |    24 |   857 |   583 ||  1464
       Demon blade       |       |       |       |       |    99 |       ||    99
Throw: Stone             |       |       |       |     1 |     4 |     3 ||     8
 Cast: Ensorcelled Hiber |    18 |    49 |    66 |   122 |   191 |    36 ||   482
       Confusing Touch   |       |     4 |    15 |    22 |    24 |     8 ||    73
       Dazzling Flash    |       |       |       |       |    12 |       ||    12
Invok: Heroism           |       |       |     1 |     2 |     6 |     6 ||    15
       Finesse           |       |       |       |       |       |     2 ||     2
Evoke: Wand              |       |       |       |     5 |     1 |     4 ||    10
  Use: Scroll            |       |     9 |     8 |     7 |     6 |     3 ||    33
       Potion            |       |       |       |     1 |     1 |     3 ||     5
 Stab: Sleeping          |    33 |    41 |    38 |    81 |    95 |    31 ||   319
       Confused          |       |     6 |    14 |    22 |    22 |     7 ||    71
       Invisible         |       |       |       |     7 |     2 |       ||     9
       Distracted        |       |       |       |     1 |     3 |     3 ||     7
Armor: Robe              |     6 |    16 |    20 |    40 |   134 |    44 ||   260
Dodge: Dodged            |    63 |   117 |   115 |   224 |  1154 |   441 ||  2114
Block: Other             |       |    13 |    24 |       |       |       ||    37
       Buckler           |       |       |    34 |   202 |   604 |   174 ||  1014
       Reflection        |       |       |     2 |     3 |     3 |     6 ||    14

Table legend: (Time is in decaauts)
 A = Elapsed time spent in this place.
 B = Non-inter-level travel time spent in this place.
 C = Inter-level travel time spent in this place.
 D = Time resting spent in this place.
 E = Time spent auto-exploring this place.
 F = Levels seen in this place.
 G = Mean time per level.
                   A        B        C        D        E       F      G
               +--------+--------+--------+--------+--------+-----+--------+
         Total |  23431 |  21911 |   1520 |   1626 |  14604 |  25 |  937.2 |
       Dungeon |  15101 |  14055 |   1046 |   1174 |   9903 |  15 | 1006.7 |
        Temple |     93 |     81 |     12 |      0 |     71 |   1 |   93.0 |
          Lair |   7609 |   7155 |    454 |    451 |   4390 |   6 | 1268.2 |
  Orcish Mines |    152 |    146 |      6 |      0 |     66 |   2 |   76.0 |
        Bailey |    474 |    474 |      0 |      0 |    172 |   1 |  474.0 |
               +--------+--------+--------+--------+--------+-----+--------+

Top non-repeatable levels by time:
    D:15: 1762 daAuts
  Lair:3: 1653 daAuts
    D:14: 1532 daAuts
     D:8: 1443 daAuts
  Lair:2: 1368 daAuts
  Lair:4: 1322 daAuts
     D:1: 1242 daAuts
    D:10: 1139 daAuts
     D:7: 1126 daAuts
  Lair:6: 1125 daAuts
     D:6: 1096 daAuts
  Lair:5: 1085 daAuts
  Lair:1: 1053 daAuts
     D:4: 960 daAuts
     D:9: 928 daAuts
